 Dungeon Crawl Stone Soup version 0.22-a0-580-gd5db89c (console) character file.

8959 vegansnacktivist the Cleaver (level 11, -1/94 HPs)
             Began as a Deep Dwarf Fighter on July 3, 2018.
             Was a Follower of Makhleb.
             Slain by an unseen horror (2 damage)
             ... on level 10 of the Dungeon.
             The game lasted 00:18:52 (9619 turns).

vegansnacktivist the Cleaver (Deep Dwarf Fighter)   Turns: 9619, Time: 00:18:52

Health: -1/94      AC: 13    Str: 22      XL:     11   Next: 16%
Magic:  0/0        EV: 10    Int:  8 (10) God:    Makhleb [*.....]
Gold:   609        SH: 15    Dex: 11 (12) Spells: 10/10 levels left

rFire    . . .     SeeInvis .   r - -3 war axe (curse)
rCold    . . .     Gourm    .   c - +0 shield
rNeg     . . .     Faith    .   b - +0 scale mail
rPois    .         Spirit   .   u - +0 helmet (curse)
rElec    .         Reflect  .   (no cloak)
rCorr    .         Harm     .   C - +0 pair of gloves
MR       +....     Rnd*Tele +   p - +1 pair of boots
Stlth    ..........             y - amulet of the acrobat
HPRegen  0.00/turn              z - ring of teleportation (curse)
MPRegen  0.07/turn              n - ring of loudness (curse)

@: non-regenerating
A: damage resistance, heal wounds, large bone plates 1, sense surroundings 2, no
regeneration
a: Heal Wounds, Renounce Religion


You were on level 10 of the Dungeon.
You worshipped Makhleb.
Makhleb was aware of your devotion.
You were full.

You visited 3 branches of the dungeon, and saw 12 of its levels.

You collected 609 gold pieces.

Inventory:

Hand Weapons
 o - a +1 broad axe
 r - a cursed -3 war axe (weapon)
 B - a +1 hand axe of freezing
Armour
 b - a +0 scale mail (worn)
 c - a +0 shield (worn)
 l - a cursed -1 helmet
 p - a +1 pair of boots (worn)
 u - a cursed +0 helmet (worn)
 C - a +0 pair of gloves (worn)
Jewellery
 m - an uncursed ring of resist corrosion
 n - a cursed ring of loudness (right hand)
 s - an uncursed ring of protection from magic
 y - an amulet of the acrobat (around neck)
 z - a cursed ring of teleportation (left hand)
 J - a +4 ring of dexterity
Wands
 a - a wand of clouds (7)
 g - a wand of polymorph (5)
 D - a wand of iceblast (6)
 H - a wand of flame (18)
Scrolls
 q - 3 scrolls of teleportation
 t - 4 scrolls of enchant armour
 w - a scroll of enchant weapon
 G - a scroll of immolation
 I - a scroll of magic mapping
Potions
 d - a potion of might
 e - 2 potions of haste
 h - 2 potions of flight
 i - 4 potions of magic
 v - 5 potions of mutation
Comestibles
 f - 29 rations
 j - 4 chunks of flesh


   Skills:
 - Level 5.0 Fighting
 - Level 11.2 Axes
 - Level 7.4 Armour
 - Level 4.1 Dodging
 - Level 7.4 Shields
 * Level 11.1 Invocations
 - Level 5.1 Evocations


You had 10 spell levels left.
You didn't know any spells.
Your spell library contained the following spells:

 Spells                   Type           Power        Failure   Level  Hunger
 Magic Dart               Conj           #...         95%         1    ##.....
 Conjure Flame            Conj/Fire      #.......     100%        3    ####...
 Lightning Bolt           Conj/Air       #.........   100%        5    ######.
 Slow                     Hex            #.......     99%         2    ###....
 Mephitic Cloud           Conj/Pois/Air  #.......     100%        3    ####...
 Blink                    Tloc           N/A          99%         2    ###....
 Call Imp                 Summ           #.......     99%         2    ###....
 Shock                    Conj/Air       #...         95%         1    ##.....
 Swiftness                Chrm/Air       #.......     99%         2    ###....
 Airstrike                Air            #.........   100%        4    #####..
 Static Discharge         Conj/Air       #.......     100%        3    ####...


Dungeon Overview and Level Annotations

Branches:
Dungeon (10/15)            Temple (1/1) D:5            Lair (1/6) D:9
    Orc (0/2) D:9

Altars:
Ashenzari
Cheibriados
Dithmenos
Elyvilon
Fedhas
Gozag
Hepliaklqana
Kikubaaqudgha
Makhleb
Nemelex Xobeh
Okawaru
Qazlal
Ru
Sif Muna
Trog
Uskayaw
Vehumet
Wu Jian
Xom
Yredelemnul
Zin
The Shining One

Annotations:
D:7 3 runed doors, AtomicRavioli's ghost, novice NaWz


Innate Abilities, Weirdness & Mutations

You are resistant to damage.
You can heal yourself by infusing magical energy.
You passively map the area around you.
You do not regenerate.
You are partially covered in large bone plates. (SH +4)


Message History

Things that are here:
a giant club; an ogre corpse You butcher the ogre corpse.
j - 4 chunks of flesh You see here a giant club.
A quokka comes into view.
Something hits you but does no damage.
Deactivating autopickup; reactivate with Ctrl-A.
A quokka is nearby!
You miss something. Something hits you.
You miss something. Something hits you but does no damage. Something hits you.
* * * LOW HITPOINT WARNING * * *
You miss something. Something hits you.
You hit something but do no damage.
Something hits you but does no damage. x2
You hit something. Something hits you.
* * * LOW HITPOINT WARNING * * *
Something hits you.
* * * LOW HITPOINT WARNING * * *
Something hits you.
You die...

, , , , ,,
,..# ,
,,,,,..# *
#.# , #.# *
*
########.#
,.........#
,
,.........#
,
.......@.#
* *
*########<#
#r# #.# #.#
#.# #.# * *
* *#.# , ,
,, , ..#


You could see a quokka.

Vanquished Creatures
  4 spiny frogs
  3 komodo dragons (Lair:1)
  A queen bee (Lair:1)
  4 hogs (D:7)
  A basilisk (D:9)
  A human (D:7)
  2 hell hounds (D:9)
  A porcupine (Lair:1)
  2 water moccasins
  2 sky beasts
  3 orc warriors
  5 ogres
  4 phantoms
  4 centaurs
  A crocodile (Lair:1)
  Blork the orc (D:5)
  8 bullfrogs
  2 gnoll sergeants
  7 scorpions
  A wyvern skeleton (D:10)
  23 killer bees
  3 howler monkeys
  10 crimson imps
  A quasit (D:8)
  A bullfrog zombie (D:6)
  3 jellies
  A centaur skeleton (D:6)
  2 hounds
  7 orc wizards
  3 bullfrog skeletons
  3 orc priests (D:7)
  2 iguanas
  9 worker ants
  A killer bee zombie (D:6)
  A hound zombie (D:8)
  15 gnolls
  A howler monkey skeleton (D:4)
  7 adders
  7 shadow imps
  An adder skeleton (D:5)
  2 worms
  2 dart slugs
  8 leopard geckos
  27 orcs
  2 ball pythons
  10 bats
  5 giant cockroaches (D:2)
  7 goblins
  3 hobgoblins
  5 jackals
  A quokka (D:3)
  3 frilled lizards
  A jackal zombie (D:5)
  8 kobolds
  A leopard gecko skeleton (D:5)
  A leopard gecko zombie (D:5)
  26 rats
  A bush (D:1)
  3 plants (D:1)
274 creatures vanquished.

Vanquished Creatures (others)
  A withered plant (D:10)
1 creature vanquished.

Grand Total: 275 creatures vanquished

Notes
Turn   | Place    | Note
-------+----------+-------------------------------------------
     0 | D:1      | vegansnacktivist the Deep Dwarf Fighter began the quest for the Orb.
     0 | D:1      | Reached XP level 1. HP: 20/20 MP: 1/1
   158 | D:3      | Reached XP level 2. HP: 21/27 MP: 2/2
   172 | D:3      | Reached XP level 3. HP: 25/34 MP: 3/3
   246 | D:4      | Reached XP level 4. HP: 27/42 MP: 3/3
   251 | D:4      | Reached XP level 5. HP: 28/49 MP: 4/4
   323 | D:4      | Found a shattered altar of Ashenzari.
   343 | D:4      | Reached skill level 5 in Axes
   343 | D:4      | Reached skill level 1 in Dodging
   347 | D:4      | Noticed a phantom
   386 | D:4      | Killed a phantom
   386 | D:4      | Reached XP level 6. HP: 37/56 MP: 5/5
   660 | D:4      | Found an ornate altar of the Wu Jian Council.
   772 | D:4      | Reached XP level 7. HP: 37/62 MP: 5/5
   846 | D:5      | Entered Level 5 of the Dungeon
   884 | D:5      | Noticed Blork the orc
   897 | D:5      | HP: 3/62 [scorpion (5)]
   905 | D:5      | Killed Blork the orc
  1026 | D:5      | Found a staircase to the Ecumenical Temple.
  1033 | Temple   | Entered the Ecumenical Temple
  1382 | D:5      | Found a deep blue altar of Sif Muna.
  1422 | D:5      | Found a shimmering altar of Xom.
  1481 | D:5      | HP: 1/62 [something (3)]
  1492 | D:5      | Reached skill level 5 in Armour
  1527 | D:5      | Reached XP level 8. HP: 40/70 MP: 4/4
  1533 | D:5      | Reached skill level 5 in Shields
  1564 | D:5      | Found a deep blue altar of Sif Muna.
  3065 | D:2      | Found a faded altar of an unknown god.
  3555 | D:2      | Found an ancient bone altar of Kikubaaqudgha.
  4777 | D:6      | Found a shattered altar of Ashenzari.
  4840 | D:6      | Gained mutation: You passively map the area around you. [Deep Dwarf growth]
  4840 | D:6      | Reached XP level 9. HP: 63/78 MP: 3/3
  5214 | D:6      | Reached skill level 1 in Evocations
  5643 | D:7      | Found a runed gate.
  5644 | D:7      | Found a runed gate.
  5645 | D:7      | Found a runed gate.
  5645 | D:7      | Noticed a manticore
  5648 | D:7      | Noticed AtomicRavioli's ghost (novice NaWz)
  5668 | D:7      | Reached skill level 10 in Axes
  5669 | D:7      | Found an opulent altar of Gozag.
  6276 | D:7      | Reached XP level 10. HP: 33/87 MP: 4/4
  6780 | D:8      | Reached skill level 5 in Evocations
  6886 | D:8      | Reached skill level 5 in Fighting
  7027 | D:8      | Found a glowing silver altar of Zin.
  7040 | D:8      | Found a white marble altar of Elyvilon.
  7040 | D:8      | Found a burning altar of Makhleb.
  7043 | D:8      | Found a shadowy altar of Dithmenos.
  7049 | D:8      | Became a worshipper of Makhleb the Destroyer
  7156 | D:8      | Reached skill level 1 in Invocations
  7584 | D:9      | Noticed Erolcha
  7586 | D:9      | Erolcha changed into something unseen
  7587 | D:9      | Noticed Erolcha
  7591 | D:9      | Noticed Erolcha
  7591 | D:9      | Erolcha the orb spider changed into Erolcha the spiny frog
  7594 | D:9      | Killed Erolcha the spiny frog
  7750 | D:9      | Found a staircase to the Lair.
  7840 | D:9      | Reached skill level 5 in Invocations
  7925 | D:9      | Found a staircase to the Orcish Mines.
  8460 | Lair:1   | Entered Level 1 of the Lair of Beasts
  8460 | Lair:1   | Noticed a spiny frog
  8506 | Lair:1   | Gained mutation: Your spells are a little easier to cast, but a little less powerful. [potion of mutation]
  8506 | Lair:1   | Gained mutation: Scrolls take you a little longer to read. [potion of mutation]
  8545 | Lair:1   | Killed a spiny frog
  8551 | Lair:1   | Lost mutation: Scrolls take you a little longer to read. [potion of mutation]
  8551 | Lair:1   | Lost mutation: Your spells are a little easier to cast, but a little less powerful. [potion of mutation]
  8551 | Lair:1   | Gained mutation: You are partially covered in large bone plates. (SH +4) [potion of mutation]
  8607 | Lair:1   | Noticed a spiny frog
  8628 | Lair:1   | Killed a spiny frog
  8704 | Lair:1   | Noticed a spiny frog
  8716 | Lair:1   | Killed a spiny frog
  8892 | Lair:1   | Reached skill level 10 in Invocations
  8892 | Lair:1   | Reached XP level 11. HP: 38/94 MP: 4/4
  9255 | Lair:1   | Reached * piety under Makhleb
  9559 | D:10     | Entered Level 10 of the Dungeon
  9619 | D:10     | HP: 2/94 [something (3)]
  9619 | D:10     | Slain by an unseen horror

Vault maps used:
D:1:      dpeg_arrival_shrine, lexackson_kobold_supper
D:2:      kiku_gazebo_pond_becter, chequers_ecumenical_altar_simple_redux,
          st_stairs_6, grunt_decor_mini_mirrors
D:3:      minmay_misc_feat_pillars, skrybe_limestone_x, minmay_rat_hole
D:4:      nicolae_overflow_crystal_walls, overflow_temple_1_default,
          first_ration, minivault_24
D:5:      led_sif_pool, led_xom_imps, temple_green, basic_altar,
          uniq_blork_the_orc
D:6:      cheibrodos_ashenzari_chains
D:7:      ebering_ghost_gozag, grunt_livestock
D:8:      grunt_temple_overflow_diamond, minmay_misc_feat_rows,
          lemuel_statue_altar
D:9:      minmay_lair_entry_lava, orc_0_dummy, kennysheep_generic_room_7,
          uniq_erolcha
D:10:     cheibrodos_grave_circle, uniq_sonja
Temple:   minmay_temple_curvy_branch
Lair:1:   special_room

Skill      XL: |  1  2  3  4  5  6  7  8  9 10 11 |
---------------+----------------------------------+-----
Fighting       | 3 4 5 |  5.0
Axes           | 3 4 5 6 7 9 10 11 | 11.2
Shields        | 4 5 7 |  7.4
Armour         | 4 5 6 7 |  7.4
Dodging        | 1 2 3 4 |  4.1
Evocations     | 4 5 |  5.1
Invocations    | 10 11 | 11.1

Action                   |  1- 3 |  4- 6 |  7- 9 | 10-12 || total
-------------------------+-------+-------+-------+-------++-------
Melee: War axe           |    51 |   101 |   816 |   694 ||  1662
       Broad axe         |       |       |    41 |       ||    41
 Abil: Heal Wounds       |     2 |     2 |    18 |    36 ||    58
Evoke: Wand              |       |       |       |    20 ||    20
  Use: Scroll            |     4 |       |     7 |     5 ||    16
       Potion            |       |       |       |    17 ||    17
 Stab: Invisible         |       |       |       |     8 ||     8
  Eat: Chunk             |       |       |    19 |     7 ||    26
       Ration            |       |       |       |     3 ||     3
Armor: Scale mail        |    34 |    34 |   322 |   340 ||   730
       Skin              |       |       |       |    21 ||    21
Dodge: Dodged            |    17 |    24 |   267 |   420 ||   728
Block: Shield            |    36 |    38 |   481 |   729 ||  1284

Table legend:
 A = Spawn XP
 B = Non-spawn XP
 C = Spawn XP percentage of total XP
 D = Spawn monster count
 E = Non-spawn monster count
 F = Spawn count percentage of total count
 G = Total turns spent on level
                    A         B        C        D         E        F      G
               +---------+---------+-------+---------+---------+-------+---------
         Total |       0 |   12799 |   0.0 |       0 |     270 |   0.0 |  9619
               +---------+---------+-------+---------+---------+-------+---------
           D:1 |       0 |      48 |   0.0 |       0 |      27 |   0.0 |   712
           D:2 |       0 |      45 |   0.0 |       0 |      19 |   0.0 |   961
           D:3 |       0 |     307 |   0.0 |       0 |      45 |   0.0 |   779
           D:4 |       0 |     701 |   0.0 |       0 |      24 |   0.0 |   676
           D:5 |       0 |    1318 |   0.0 |       0 |      31 |   0.0 |  1296
           D:6 |       0 |     907 |   0.0 |       0 |      16 |   0.0 |   950
           D:7 |       0 |    2336 |   0.0 |       0 |      34 |   0.0 |   927
           D:8 |       0 |    1560 |   0.0 |       0 |      33 |   0.0 |  1009
           D:9 |       0 |    1407 |   0.0 |       0 |      13 |   0.0 |  1040
          D:10 |       0 |     208 |   0.0 |       0 |       3 |   0.0 |    30
        Lair:1 |       0 |    3962 |   0.0 |       0 |      25 |   0.0 |  1011
               +---------+---------+-------+---------+---------+-------+---------
